 Dungeon Crawl Stone Soup version 0.30-a0-142-g7370640ec8 (webtiles) character file.

Game seed: 10431400155448340733

74 qw the Chopper (level 4, -1/28 HPs)
             Began as a Gargoyle Fighter on Sept 26, 2022.
             Slain by a gnoll
             ... wielding a +0 flail
              (5 damage)
             ... on level 2 of the Dungeon.
             The game lasted 00:00:29 (1314 turns).

qw the Chopper (Gargoyle Fighter)                   Turns: 1314, Time: 00:00:30

Health: -1/28      AC: 11    Str: 28    XL:     4   Next: 30%
Magic:  4/4        EV:  9    Int:  8    God:
Gold:   6          SH:  4    Dex:  9    Spells: 3/3 levels left

rFire   . . .      SeeInvis .    Y - +0 war axe
rCold   . . .      Faith    .    c - +0 buckler
rNeg    + . .      Spirit   .    b - +0 scale mail
rPois   inf        Reflect  .    (no helmet)
rElec   +          Harm     .    (no cloak)
rCorr   .          Rampage  .    i - +0 pair of gloves
Will    .....                    (no boots)
Stlth   ..........               (no amulet)
HPRegen 0.09/turn                k - +6 ring of strength
MPRegen 0.09/turn                (no ring)

@: no status effects
A: sickness immunity, AC +3, negative energy resistance 1, electricity
resistance, torment resistance 1, petrification resistance
a: no special abilities


You were on level 2 of the Dungeon.
You visited 1 branch of the dungeon, and saw 2 of its levels.

You collected 6 gold pieces.


Innate Abilities, Weirdness & Mutations

You are immune to sickness and miasma.
Your stone body is resilient. (AC +3)
You are immune to poison.
You resist negative energy. (rN+)
You are resistant to electric shocks. (rElec)
You are resistant to unholy torment.
You are immune to petrification.


   Skills:
 - Level 3.2 Fighting
 + Level 4.0 Axes
 - Level 3.2 Armour
 - Level 3.2 Shields


You had 3 spell levels left.
You didn't know any spells.
Your spell library was empty.

Inventory:

Hand Weapons
 n - a +0 whip
 Y - a +0 war axe (weapon)
Missiles
 m - 5 boomerangs (quivered)
Armour
 b - a +0 scale mail (worn)
 c - a +0 buckler (worn)
 i - a +0 pair of gloves (worn)
Jewellery
 k - a +6 ring of strength (left hand)
Scrolls
 e - a scroll of identify
 f - a scroll of noise {unknown}
Potions
 a - a potion of invisibility {unknown}
 d - a potion of might
 j - a potion of magic {unknown}

Dungeon Overview and Level Annotations

Branches:
Dungeon (2/15)

Altars:

Shops:
D:1 (


Message History

Found 6 stones.
A gnoll comes into view. It is wielding a +0 whip.
The gnoll shouts!
You hear a shout!
Throw: 5 boomerangs
Press: ? - help, Q - select action Shift-Dir - straight line, f - gnoll You throw a boomerang.
The boomerang barely misses the gnoll.
Throw: 5 boomerangs
Press: ? - help, Q - select action Shift-Dir - straight line, f/p - gnoll You throw a boomerang.
The boomerang hits the gnoll.
The gnoll is moderately wounded.
Throw: 5 boomerangs
Press: ? - help, Q - select action Shift-Dir - straight line, f/p - gnoll You throw a boomerang.
The boomerang closely misses the gnoll.
You hit the gnoll.
The gnoll is heavily wounded.
The gnoll hits you with a +0 whip.
You slash the gnoll!
You kill the gnoll!
Your Axes skill increases to level 4!
You start resting.
A gnoll comes into view. It is wielding a +0 flail.
1303 ||| Stepping ~*~*~tactically~*~*~ (stealth).
You start resting.
HP restored.
A gnoll comes into view. It is wielding a +0 halberd.
The gnoll moves out of view.
The gnoll hits you from afar with a +0 halberd!
The gnoll closely misses you.
You hit the gnoll.
The gnoll is moderately wounded.
The gnoll hits you with a +0 halberd!
You hit the gnoll.
The gnoll is heavily wounded.
You slash the gnoll! The gnoll misses you. You block the gnoll's attack.
You hit the gnoll.
The gnoll is almost dead.
You hit the gnoll but do no damage. The gnoll hits you with a +0 halberd!
The gnoll hits you with a +0 flail.
You die...

##.¤¤~~........##
#¤~~~..........###
#.¤~¤¤P.....[....#
#¤¤¤¤¤........##.#
###¤¤¤¤.........#.#
#..¤¤.¤.........#.#
#.##..............# ..
#.##.....g.....##.# ).
##..(.....@g....##.##.#...
#...#.####.######......<..
#.....#.......##...##.....
##.....)............# ....
#...........).####..# ...
#.#........)..# ##........
#.#...........# #.#......
#.#...........#####.#......
#..........................


You could see 2 gnolls.

Vanquished Creatures
  2 gnolls
  An adder (D:2)
  An adder zombie (D:2)
  2 dart slugs (D:1)
  A bat zombie (D:2)
  4 endoplasms (D:1)
  2 giant cockroaches (D:1)
  4 goblins
  4 hobgoblins (D:1)
  7 kobolds
  A ball python skeleton (D:2)
  4 bats
  2 frilled lizards (D:2)
  2 rats
37 creatures vanquished.

Vanquished Creatures (others)
  2 withered plants (D:2)
2 creatures vanquished.

Grand Total: 39 creatures vanquished

Notes
Turn   | Place    | Note
-------+----------+-------------------------------------------
     0 | D:1      | qw the Gargoyle Fighter began the quest for the Orb.
     0 | D:1      | Reached XP level 1. HP: 14/14 MP: 1/1
     0 | D:1      | 0 ||| qw: Version: 0.2-a-10-g399e6c4
     0 | D:1      | 0 ||| qw: Game counter: 476
     0 | D:1      | 0 ||| qw: Always use a shield: true
     0 | D:1      | 0 ||| qw: God list: Okawaru
     0 | D:1      | 0 ||| qw: Allow faded altars: false
     0 | D:1      | 0 ||| qw: Do Orc after D:15 true
     0 | D:1      | 0 ||| qw: Do second Lair branch before Depths: true
     0 | D:1      | 0 ||| qw: Lair rune preference: random
     0 | D:1      | 0 ||| qw: Plans: Normal, Zot:1-4, God:TSO, Crypt, Tomb,
                  | Pan, Slime:5, Hells, Abyss, Orb
     0 | D:1      | 0 ||| PLANNING D:1-11
    16 | D:1      | Found Ugyutt's Weapon Shoppe.
    25 | D:1      | Reached skill level 2 in Axes
    51 | D:1      | 51 ||| SHOPLISTING +0 mace (39 gold, have 0).
    51 | D:1      | 51 ||| SHOPLISTING +0 whip (32 gold, have 0).
   193 | D:1      | 193 ||| Stepping ~*~*~tactically~*~*~ (stealth).
   194 | D:1      | 194 ||| Stepping ~*~*~tactically~*~*~ (stealth).
   204 | D:1      | Reached XP level 2. HP: 16/19 MP: 2/2
   375 | D:1      | 375 ||| Stepping ~*~*~tactically~*~*~ (stealth).
   377 | D:1      | 377 ||| Stepping ~*~*~tactically~*~*~ (stealth).
   385 | D:1      | Reached skill level 3 in Axes
   388 | D:1      | Reached XP level 3. HP: 20/23 MP: 3/3
   734 | D:1      | Found a faded altar of an unknown god.
   900 | D:1      | 900 ||| Stepping ~*~*~tactically~*~*~ (hiding).
   985 | D:1      | 985 ||| DROPPING +0 club.
  1100 | D:1      | 1100 ||| UPGRADING to +0 pair of gloves.
  1105 | D:1      | 1105 ||| UPGRADING to +6 ring of strength.
  1106 | D:1      | 1106 ||| READING 2 scrolls labelled IGRIUC HI KYE.
  1107 | D:1      | 1107 ||| READING scroll labelled BUNEFF TAOFUG.
  1108 | D:1      | 1108 ||| READING scroll labelled SUOSHR HEOZOTOS.
  1109 | D:1      | 1109 ||| READING scroll labelled JARRO PEATYTE.
  1113 | D:1      | 1113 ||| DROPPING scroll of fear.
  1207 | D:2      | 1207 ||| Stepping ~*~*~tactically~*~*~ (stealth).
  1215 | D:2      | Reached XP level 4. HP: 28/28 MP: 4/4
  1229 | D:2      | 1229 ||| Stepping ~*~*~tactically~*~*~ (stealth).
  1301 | D:2      | Reached skill level 4 in Axes
  1303 | D:2      | 1303 ||| Stepping ~*~*~tactically~*~*~ (stealth).
  1314 | D:2      | HP: 4/28 [gnoll/+0 halberd (10)]
  1314 | D:2      | Slain by a gnoll

Levels and vault maps discovered:
D:1:      zaba_arrival_water, layout_loops_ring, ebering_ecumenical_altar_box,
          serial_shops, nicolae_diamond_shop, solitary_fountain
D:2:      layout_rooms, serial_undead, serial_undead_b, serial_undead_b,
          serial_undead_b, serial_undead_f, amcnicky_mini_pool_small,
          roderic_lattice_a, uniq_robin

Skill      XL: |  1  2  3  4 |
---------------+-------------+-----
Axes           | 2 3 4 |  4.0
Fighting       | |  3.2
Armour         | |  3.2
Shields        | |  3.2

Action                   |  1- 3 |  4- 6 || total
-------------------------+-------+-------++-------
Melee: War axe           |    92 |     9 ||   101
Throw: Boomerang         |     5 |     8 ||    13
  Use: Scroll            |     4 |       ||     4
Armor: Scale mail        |    42 |     1 ||    43
Dodge: Dodged            |    49 |     3 ||    52
Block: Buckler           |    20 |     2 ||    22

Table legend:
 A = Non-vault XP
 B = Vault XP
 C = Vault XP percentage of total XP
 D = Non-vault monster count
 E = Vault monster count
 F = Vault count percentage of total count
                 A         B        C        D         E       F
            +---------+---------+-------+---------+---------+-------
      Total |      99 |       8 |   7.5 |      34 |       3 |   8.1
            +---------+---------+-------+---------+---------+-------
        D:1 |      60 |       0 |   0.0 |      25 |       0 |   0.0
        D:2 |      39 |       8 |  17.0 |       9 |       3 |  25.0
            +---------+---------+-------+---------+---------+-------
